Map: Heavy Artillery LE

Players

A.I. 1 (Very Easy) - Winner!

  • Race: Terran Terran
  • Spawn Location: 1:00

flashandfoul

  • Race: Protoss Protoss
  • League: Diamond
  • Spawn Location: 7:00

VOD

Have the link to the VOD?

Description

Time

  • Played on: Aug. 26, 2024, 10:44 a.m.
  • Length: 5:33
Show
View Real Time Build Order
Export as new Build Order

A.I. 1 (Very Easy) Terran - Winner!

Build Orders:  

Get SALT Encoding   

  6  0:00  SCV  
  13  0:13  SCV  
  14  0:18  Supply Depot  
  14  0:37  Refinery  
  14  0:44  Barracks  
  14  1:04  Supply Depot  
  14  1:11  Refinery  
  14  1:31  Marine  
  15  1:33  Orbital Command  
  15  1:50  Barracks Tech Lab  
  15  1:58  SCV  
  16  2:11  SCV  
  17  2:17  Marine  
  18  2:23  SCV  
  19  2:35  SCV  
  20  2:47  SCV  
  21  2:59  SCV  
  21  3:03  Marauder  
Show
View Real Time Build Order
Export as new Build Order

flashandfoul Protoss 

Build Orders: 1 Gate Expand, Blink Stalkers 

Get SALT Encoding   

  6  0:00  Probe  
  13  0:12  Probe  
  14  0:17  Pylon  
  14  0:24  Probe  
  15  0:36  Probe (Chrono Boost), Gateway  
  16  0:48  Assimilator, Probe (Chrono Boost)  
  17  0:53  Probe (Chrono Boost)  
  18  1:03  Probe  
  19  1:15  Probe  
  20  1:23  Cybernetics Core  
  20  1:34  Nexus  
  20  1:35  Probe  
  21  1:41  Pylon  
  22  1:47  Probe  
  22  1:50  Assimilator  
  22  1:58  Stalker (Chrono Boost)  
  22  1:59  Probe  
  25  2:04  Warp Gate  
  25  2:11  Probe  
  26  2:20  Stalker  
  28  2:23  Probe  
  29  2:35  Probe (Chrono Boost)  
  30  2:37  Twilight Council  
  30  2:47  Probe x2 (Chrono Boost)  
  32  2:56  Robotics Facility, Probe x2 (Chrono Boost)  
  34  3:01  Probe x2 (Chrono Boost)  
  36  3:13  Probe x2  
  36  3:16  Gateway  
  36  3:18  Gateway  
  38  3:25  Probe, Blink (Chrono Boost)  
  38  3:26  Probe  
  40  3:35  Pylon  
  40  3:38  Gateway  
  40  3:40  Probe  
  41  3:42  Probe  
  41  3:43  Observer  
  43  3:52  Probe  
  43  3:54  Stalker, Probe  
  47  3:59  Pylon  
  47  4:00  Assimilator  
  47  4:04  Probe  
  47  4:05  Warp Prism (Chrono Boost)  
  50  4:13  Stalker  
  52  4:18  Pylon  
  52  4:21  Stalker  
  54  4:25  Stalker  
  56  4:33  Stalker  
  58  4:38  Pylon  
  58  4:40  Stalker  
  58  4:44  Stalker  
  62  4:48  Stalker  
  64  4:56  Stalker  
  66  5:03  Stalker  
  68  5:07  Stalker  
  71  5:14  Probe  
  71  5:17  Probe  
  71  5:18  Nexus  
  71  5:19  Pylon  
  71  5:20  Stalker  
  74  5:24  Pylon  
  74  5:27  Stalker  
  76  5:32  Stalker  
Tags
 
Add a new tag
Caveats
  • Supply blocks, unpowered buildings, or Contaminate may cause inaccurate times.
  • Supply counts are checked every 10 seconds.